 Dungeon Crawl Stone Soup version 0.27-a0-1105-g946c659c87 (webtiles) character file.

Game seed: 8354421023406280443

820 DogServant the Skirmisher (level 7, 63/63 HPs)
             Began as a Palentonga Fighter on Apr 30, 2021.
             Quit the game on level 5 of the Dungeon.
             The game lasted 00:04:52 (2804 turns).

DogServant the Skirmisher (Palentonga Fighter)      Turns: 2804, Time: 00:04:53

Health: 63/63      AC:  7    Str: 20    XL:     7   Next: 63%
Magic:  7/7        EV:  5    Int:  9    God:
Gold:   130        SH:  8    Dex: 10    Spells: 6/6 levels left

rFire    . . .     SeeInvis +   a - +0 flail
rCold    . . .     Faith    .   c - +0 kite shield
rNeg     . . .     Spirit   .   b - +0 scale mail
rPois    .         Reflect  .   (no helmet)
rElec    .         Harm     .   (no cloak)
rCorr    +         Rampage  .   k - +0 pair of gloves
Will     .....                  (no barding)
Stlth    ..........             g - amulet of regeneration
HPRegen  1.20/turn              p - ring of resist corrosion
MPRegen  0.10/turn              (no ring)

@: no status effects
A: large, rugged brown scales 3, see invisible, deformed body, roll 1, armoured
tail, reflexive curl
a: Rolling Charge


You were on level 5 of the Dungeon.
You visited 1 branch of the dungeon, and saw 5 of its levels.

You collected 130 gold pieces.

Inventory:

Hand Weapons
 a - a +0 flail (weapon)
Missiles
 u - a throwing net
Armour
 b - a +0 scale mail (worn)
 c - a +0 kite shield (worn)
 k - a +0 pair of gloves (worn)
Jewellery
 g - an amulet of regeneration (around neck)
 p - a ring of resist corrosion (left hand)
 v - a ring of fire
Wands
 d - a wand of polymorph (4)
 q - a wand of flame (10)
Scrolls
 e - 5 scrolls of identify {unknown}
 f - a scroll of acquirement {unknown}
 i - a scroll of summoning {unknown}
 m - 2 scrolls of teleportation {unknown}
 s - a scroll of enchant weapon {unknown}
Potions
 h - a potion of lignification {unknown}
 j - 3 potions of brilliance {unknown}
 l - 2 potions of heal wounds {unknown}
 n - a potion of ambrosia {unknown}
 o - a potion of curing {unknown}
 r - a potion of degeneration {unknown}
 t - a potion of flight {unknown}
 w - a potion of might


   Skills:
 + Level 6.8 Fighting
 + Level 6.3 Maces & Flails
 - Level 2.4 Armour
 - Level 2.4 Shields


You had 6 spell levels left.
You didn't know any spells.
Your spell library contained the following spells:

 Spells                   Type           Power      Damage    Failure   Level
 Magic Dart               Conj           0%         1d3       99%         1
 Summon Small Mammal      Summ           0%         N/A       99%         1
 Call Imp                 Summ           0%         N/A       100%        2
 Searing Ray              Conj           0%         3d3       100%        2
 Call Canine Familiar     Summ           0%         N/A       100%        3
 Dazzling Flash           Conj/Hex       0%         N/A       100%        3
 Summon Guardian Golem    Hex/Summ       0%         N/A       100%        3
 Fulminant Prism          Conj/Hex       0%         3d6       100%        4
 Iskenderun's Mystic Bla  Conj/Tloc      0%         2d3       100%        4
 Summon Ice Beast         Ice/Summ       0%         N/A       100%        4
 Summon Lightning Spire   Summ/Air       0%         N/A       100%        4


Dungeon Overview and Level Annotations

Branches:
Dungeon (5/15)
 Temple: D:4-7

Altars:
Ru

Shops:
D:1 (   D:5 :


Innate Abilities, Weirdness & Mutations

You are completely covered in rugged brown scales. (AC +3, +7% HP)
You have supernaturally acute eyesight. (SInv)
Armour fits poorly on your strangely shaped body.
You can roll at nearby foes to attack.
You have a long armoured tail.
You curl defensively after being hit.


Message History

You hear a shout!
The necrophage hits you but does no damage.
You barely miss the necrophage.
Your tail-slap misses the necrophage.
The necrophage is moderately damaged.
The necrophage hits you but does no damage.
Your shield prevents you from hitting the necrophage.
The necrophage is moderately damaged.
You block the necrophage's attack.
The necrophage hits you but does no damage.
You sock the necrophage!
The necrophage is almost destroyed.
You block the necrophage's attack.
You hit the necrophage.
You destroy the necrophage!
Your Maces & Flails skill increases to level 6!
No target in view!
No target in view!
No target in view!
No target in view!
No target in view!
No target in view!
No target in view!
No target in view!
An ogre comes into view. It is wielding a +0 giant spiked club.
The ogre shouts!
You see here a necrophage corpse.
An ogre is nearby!
An ogre is nearby!
You sock the ogre!
The ogre is heavily wounded.
The ogre hits you with a +0 giant spiked club!
You sock the ogre!
You kill the ogre!
Found Detail's Book Shoppe.
Things that are here:
a +0 giant spiked club; an ogre corpse
Found an escape hatch in the ceiling.
There is an entrance to Detail's Book Shoppe here.
You can access your shopping list by pressing '$'.
Are you sure you want to abandon this character and quit the game? (Confirm with "yes".)

##.##....# ...#.
#.##....##....
#.##....##...###
#.##.<####..... ###
#.......##...#.## #..#.
#####..#.##...#..#......
.......#.##...##8#....#.
.........)..............
########†##...8.@<8...#
.......#.##.#.........#
................8.....#
........................
#.#####.................
#.# #.###########.#.#.
#.# #.# .#.# #.# #.# ..
. #.# #.#


There were no monsters in sight!

Vanquished Creatures
  Grinder (D:3)
  An ogre (D:5)
  A necrophage (D:5)
  A centaur (D:5)
  A hound (D:4)
  A bullfrog skeleton (D:4)
  An orc priest (D:4)
  A centaur skeleton (D:5)
  2 iguanas
  Natasha (thrice) (D:3)
  2 orc wizards (D:4)
  A hound skeleton (D:5)
  4 adders
  8 orcs
  2 ball pythons (D:1)
  6 endoplasms
  4 giant cockroaches
  2 goblins (D:1)
  6 hobgoblins
  A jackal (D:5)
  3 kobolds
  2 quokkas
  3 bats
  A frilled lizard (D:3)
  3 rats
61 creatures vanquished.

Notes
Turn   | Place    | Note
-------+----------+-------------------------------------------
     0 | D:1      | DogServant the Palentonga Fighter began the quest for the
                  | Orb.
     0 | D:1      | Reached XP level 1. HP: 19/19 MP: 1/1
   121 | D:1      | Found Voegir's Weapon Shoppe.
   281 | D:1      | Reached XP level 2. HP: 25/25 MP: 2/2
   488 | D:1      | You fall into a shaft and drop 1 floor!
  1610 | D:3      | Noticed Grinder
  1627 | D:3      | Reached XP level 3. HP: 31/31 MP: 3/3
  1631 | D:3      | Killed Grinder
  1632 | D:3      | Reached XP level 4. HP: 40/40 MP: 4/4
  1632 | D:3      | Reached XP level 5. HP: 46/46 MP: 5/5
  1647 | D:3      | Noticed Natasha
  1653 | D:3      | Killed Natasha
  1654 | D:3      | Reached skill level 5 in Fighting
  1762 | D:3      | Reached XP level 6. HP: 34/54 MP: 6/6
  1982 | D:3      | Found a faded altar of an unknown god.
  1986 | D:3      | Noticed Natasha
  1996 | D:3      | Killed Natasha
  2094 | D:3      | Noticed Natasha
  2102 | D:3      | Killed Natasha
  2230 | D:4      | Found a sacrificial altar of Ru.
  2259 | D:4      | Reached skill level 5 in Maces & Flails
  2374 | D:4      | Gained mutation: You curl defensively after being hit.
                  | [Palentonga growth]
  2374 | D:4      | Reached XP level 7. HP: 62/62 MP: 7/7
  2695 | D:5      | Entered Level 5 of the Dungeon
  2796 | D:5      | Found Detail's Book Shoppe.
  2804 | D:5      | Quit the game

Illustrated notes

Levels and vault maps discovered:
D:1:      kilobyte_arrival_exit_the_forest, layout_loops_ring, serial_shops,
          shop
D:2:      layout_basic
D:3:      layout_rooms, basic_ecumenical_altar, hangedman_decor_clover_reticule,
          uniq_grinder, uniq_natasha
D:4:      layout_rooms, nicolae_ru_path_of_blood
D:5:      layout_basic, vehumet_statue, minmay_temple_entry_stoned_glass,
          serial_curves, eino_curves_04, eino_curves_01, serial_shops,
          nicolae_shop_statue_plus, uniq_blork_the_orc

Skill      XL: |  1  2  3  4  5  6  7 |
---------------+----------------------+-----
Fighting       | 4 5 6 |  6.8
Maces & Flails | 4 5 6 |  6.3
Armour         | |  2.4
Shields        | |  2.4

Action                   |  1- 3 |  4- 6 |  7- 9 || total
-------------------------+-------+-------+-------++-------
Melee: Flail             |    64 |   109 |    27 ||   200
       Tailslap          |     1 |    15 |     1 ||    17
 Abil: Rolling Charge    |    12 |    11 |     4 ||    27
  Use: Potion            |     1 |       |       ||     1
Armor: Scale mail        |    32 |    58 |    22 ||   112
Dodge: Dodged            |    13 |    37 |    10 ||    60
Block: Kite shield       |    25 |    67 |    11 ||   103

Table legend: (Time is in decaauts)
 A = Elapsed time spent in this place.
 B = Non-inter-level travel time spent in this place.
 C = Inter-level travel time spent in this place.
 D = Time resting spent in this place.
 E = Time spent auto-exploring this place.
 F = Levels seen in this place.
 G = Mean time per level.
                   A        B        C        D        E       F      G
               +--------+--------+--------+--------+--------+-----+--------+
         Total |   2909 |   2731 |    178 |      3 |   2276 |   5 |  581.8 |
       Dungeon |   2909 |   2731 |    178 |      3 |   2276 |   5 |  581.8 |
               +--------+--------+--------+--------+--------+-----+--------+

Top non-repeatable levels by time:
     D:1: 1021 daAuts
     D:3: 602 daAuts
     D:2: 595 daAuts
     D:4: 574 daAuts
     D:5: 116 daAuts
